 Dungeon Crawl Stone Soup version 0.30-a0-718-geaa24f58ff (webtiles) character file.

Game seed: 7125140783342971156

1871 Arximoufas the Cleaver (level 8, -2/67 HPs)
             Began as a Demonspawn Berserker on Jan 25, 2023.
             Was a Believer of Trog.
             Engulfed by a steam dragon's steam (6 damage)
             ... on level 6 of the Dungeon.
             The game lasted 00:11:05 (6552 turns).

Arximoufas the Cleaver (Demonspawn Berserker)       Turns: 6552, Time: 00:11:06

Health: -2/67      AC:  9    Str: 20    XL:     8   Next: 90%
Magic:  8/8        EV: 12    Int:  9    God:    Trog [**....]
Gold:   309        SH:  0    Dex: 12    Spells: 7/7 levels left

rFire   . . .      SeeInvis .    a - +0 hand axe
rCold   . . .      Faith    .    (no shield)
rNeg    . . .      Spirit   .    k - +0 chain mail
rPois   .          Reflect  .    (no helmet)
rElec   .          Harm     .    x - +0 cloak
rCorr   .          Rampage  .    (no gloves)
Will    .....                    (no boots) Stlth
                                 (no amulet)
HPRegen 0.31/turn                (no ring)
MPRegen 0.22/turn                (no ring)

@: repel missiles
A: repulsion field 3, foul stench 1, magic regeneration, weakness stinger 1
a: Renounce Religion, Berserk, Trog's Hand


You were on level 6 of the Dungeon.
You worshipped Trog.
Trog was pleased with you.
You visited 1 branch of the dungeon, and saw 6 of its levels.

You collected 309 gold pieces.

Inventory:

Hand Weapons
 a - a +0 hand axe (weapon)
Missiles
 h - a throwing net (quivered)
Armour
 k - a +0 chain mail (worn)
 x - a +0 cloak (worn)
Jewellery
 y - an amulet of regeneration
 z - a ring of willpower
 A - a ring of see invisible
Wands
 v - a wand of mindburst (20)
 w - a wand of flame (31)
Scrolls
 d - 7 scrolls of identify {unknown}
 e - 3 scrolls of vulnerability {unknown}
 g - a scroll of noise {unknown}
 j - a scroll of blinking {unknown}
 m - 2 scrolls of amnesia {unknown}
 o - a scroll of enchant weapon {unknown}
 r - 2 scrolls of summoning {unknown}
 s - 3 scrolls of enchant armour {unknown}
 t - a scroll of fog {unknown}
 u - 2 scrolls of teleportation {unknown}
 B - 2 scrolls of silence {unknown}
Potions
 b - a potion of haste {unknown}
 c - a potion of invisibility {unknown}
 f - 2 potions of heal wounds {unknown}
 i - 2 potions of resistance {unknown}
 l - a potion of ambrosia {unknown}
 n - 2 potions of magic {unknown}
 p - a potion of attraction {unknown}
 q - 7 potions of curing
 C - a potion of might


   Skills:
 + Level 7.3 Fighting
 * Level 9.1 Axes
 - Level 1.7 Armour
 - Level 1.7 Dodging


You had 7 spell levels left.
You didn't know any spells.
Your spell library was empty.

Dungeon Overview and Level Annotations

Branches:
Dungeon (6/15)             Temple (0/1) D:5

Altars:
Wu Jian

Annotations:
D:3 2 runed translucent doors, atomjack's ghost, amateur DsCK


Innate Abilities, Weirdness & Mutations

You are surrounded by a strong repulsion field. (EV +4, RMsl)
You may rarely emit foul miasma when damaged in melee.
You regenerate magic rapidly.
You have a small tail.


Message History

The steam dragon is moderately wounded.
The steam dragon breathes steam at you. The ball of steam hits you!
You hit the steam dragon but do no damage.
The steam dragon is moderately wounded.
You are engulfed in a cloud of scalding steam.
* * * LOW HITPOINT WARNING * * *
The steam dragon closely misses you. The steam dragon barely misses you.
You hit the steam dragon. You tail-slap the steam dragon.
The steam dragon is heavily wounded.
The steam dragon misses you.
The steam dragon claws you but does no damage.
You closely miss the steam dragon.
The steam dragon is heavily wounded.
You are engulfed in a cloud of scalding steam.
You hit the steam dragon but do no damage.
You tail-slap the steam dragon, but do no damage.
The steam dragon is heavily wounded.
The steam dragon bites you but does no damage.
The steam dragon claws you.
* * * LOW HITPOINT WARNING * * *
You hit the steam dragon.
The steam dragon is severely wounded.
The steam dragon misses you. x2
You closely miss the steam dragon.
Your tail-slap misses the steam dragon.
The steam dragon is severely wounded.
The steam dragon bites you.
* * * LOW HITPOINT WARNING * * *
You emit a cloud of foul miasma!
The steam dragon closely misses you.
You barely miss the steam dragon.
The steam dragon is severely wounded.
The steam dragon is engulfed in dark miasma.
The steam dragon is poisoned.
The steam dragon seems to slow down.
The steam dragon breathes steam at you. The ball of steam hits you!
* * * LOW HITPOINT WARNING * * *
You barely miss the steam dragon.
The steam dragon is severely wounded.
You are engulfed in a cloud of scalding steam.
You die...

#.# #.# #.####### #####
#.......# #≈§§≈####
##.#####.# ...§≈≈##
##...####.# #D..≈≈#
#.......... #.@..≈#
##...#.##.#
#..§..#####.##.##.#
##..§##.........#.#
###§#######.......#
#....# ##'####### #...##
##...## #....# ##.....##
##.##.###.......##
######...#.##.........###


You could see a steam dragon (poisoned, slow, catching breath).

Vanquished Creatures
  Pikel (D:5)
  Eustachio (D:5)
  2 steam dragons
  Edmund (D:5)
  A water moccasin (D:3)
  A black bear (D:5)
  A bullfrog (D:6)
  2 necrophages
  A scorpion (D:4)
  2 howler monkeys (D:5)
  2 hounds
  3 orc priests
  Crazy Yiuf (D:5)
  3 iguanas
  An orc wizard (D:5)
  3 adders
  A white imp (D:6)
  3 worms
  3 dart slugs
  7 orcs
  9 endoplasms
  2 giant cockroaches
  12 goblins
  3 hobgoblins
  3 quokkas
  13 ball pythons
  10 bats
  2 frilled lizards (D:1)
  7 kobolds
  3 rats
104 creatures vanquished.

Notes
Turn   | Place    | Note
-------+----------+-------------------------------------------
     0 | D:1      | Arximoufas the Demonspawn Berserker began the quest for the
                  | Orb.
     0 | D:1      | Reached XP level 1. HP: 18/18 MP: 1/1
   230 | D:1      | Reached skill level 3 in Axes
   263 | D:1      | Gained mutation: You may rarely emit foul miasma when
                  | damaged in melee. [demonic ancestry]
   263 | D:1      | Reached XP level 2. HP: 18/24 MP: 2/2
  1383 | D:2      | Gained mutation: You are surrounded by a mild repulsion
                  | field. (EV +2) [demonic ancestry]
  1383 | D:2      | Reached XP level 3. HP: 29/29 MP: 3/3
  1756 | D:2      | Reached ** piety under Trog
  2374 | D:3      | Found a faded altar of an unknown god.
  2398 | D:3      | Found an ornate altar of the Wu Jian Council.
  2558 | D:3      | Found a runed translucent door.
  2562 | D:3      | Noticed atomjack's ghost (amateur DsCK)
  2632 | D:3      | Found a runed translucent door.
  3276 | D:4      | Reached skill level 4 in Axes
  3276 | D:4      | Reached XP level 4. HP: 11/37 MP: 4/4
  3371 | D:4      | Noticed a water moccasin
  3371 | D:4      | Noticed a necrophage
  3388 | D:3      | Killed a water moccasin
  3389 | D:3      | Gained mutation: You have a small tail. [demonic ancestry]
  3389 | D:3      | Reached XP level 5. HP: 42/42 MP: 5/5
  3427 | D:4      | Reached skill level 5 in Axes
  3474 | D:4      | Gained mutation: You are surrounded by a moderate repulsion
                  | field. (EV +3) [demonic ancestry]
  3474 | D:4      | Reached XP level 6. HP: 14/49 MP: 6/6
  3483 | D:4      | HP: 2/49 [poisoned by a scorpion]
  4954 | D:5      | Entered Level 5 of the Dungeon
  4955 | D:5      | Found a staircase to the Ecumenical Temple.
  4973 | D:5      | Reached skill level 5 in Fighting
  4973 | D:5      | Reached skill level 6 in Axes
  4981 | D:5      | Noticed Pikel
  4999 | D:5      | Gained mutation: You regenerate magic rapidly. [demonic
                  | ancestry]
  4999 | D:5      | Reached XP level 7. HP: 30/56 MP: 7/7
  5000 | D:5      | Killed Pikel
  5001 | D:5      | Reached skill level 7 in Axes
  5035 | D:5      | Noticed a steam dragon
  5058 | D:5      | Killed a steam dragon
  5059 | D:5      | Gained mutation: You are surrounded by a strong repulsion
                  | field. (EV +4, RMsl) [demonic ancestry]
  5059 | D:5      | Reached XP level 8. HP: 17/64 MP: 8/8
  5090 | D:5      | Noticed Edmund
  5106 | D:5      | Killed Edmund
  5234 | D:5      | Reached skill level 8 in Axes
  5861 | D:5      | Found a runed translucent door.
  5862 | D:5      | Noticed Crazy Yiuf
  6087 | D:5      | Noticed Eustachio
  6097 | D:5      | Killed Eustachio
  6198 | D:5      | Killed Crazy Yiuf
  6324 | D:6      | Reached skill level 9 in Axes
  6552 | D:6      | Engulfed by a steam dragon's steam

Illustrated notes

Levels and vault maps discovered:
D:1:      erik_arrival_orb_chamber, layout_basic, dk_noncrumbling_3,
          minivault_23, ebering_dispersal_statue_hall
D:2:      layout_loops_ring
D:3:      layout_loops_cross, mainiacjoe_overflow_cross_hatched,
          ebering_ghost_sewer_f, shapermc_ecumenical_altar_totnotflames,
          feat_on_display
D:4:      layout_cave_pods
D:5:      minmay_clustersquares, layout_loops_ring, good_gods_mini_temple,
          minmay_temple_entry_purple_smoke, uniq_pikel, uniq_edmund,
          uniq_eustachio, uniq_crazy_yiuf_cottage
D:6:      cheibrodos_steamvent, layout_loops_corners

Skill      XL: |  1  2  3  4  5  6  7  8 |
---------------+-------------------------+-----
Axes           | 3 4 5 6 7 9 |  9.1
Fighting       | 4 5 6 7 |  7.3
Armour         | |  1.7
Dodging        | |  1.7

Action                     |  1- 3 |  4- 6 |  7- 9 || total
---------------------------+-------+-------+-------++-------
  Melee: Hand axe          |   148 |   126 |   143 ||   417
         Punch             |     1 |     2 |     1 ||     4
         Tailslap          |       |    11 |    30 ||    41
 Invoke: Berserk           |     3 |     2 |     2 ||     7
         Trog's Hand       |     1 |     1 |       ||     2
 Armour: Animal skin       |     6 |       |       ||     6
         Chain mail        |    72 |    56 |    43 ||   171
  Dodge: Dodged            |    87 |    57 |    79 ||   223
         Repelled          |       |       |     2 ||     2

Table legend: (Time is in decaauts)
 A = Elapsed time spent in this place.
 B = Non-inter-level travel time spent in this place.
 C = Inter-level travel time spent in this place.
 D = Time resting spent in this place.
 E = Time spent auto-exploring this place.
 F = Levels seen in this place.
 G = Mean time per level.
                   A        B        C        D        E       F      G
               +--------+--------+--------+--------+--------+-----+--------+
         Total |   6626 |   6460 |    166 |   2274 |   3257 |   6 | 1104.3 |
       Dungeon |   6626 |   6460 |    166 |   2274 |   3257 |   6 | 1104.3 |
               +--------+--------+--------+--------+--------+-----+--------+

Top non-repeatable levels by time:
     D:4: 1588 daAuts
     D:1: 1354 daAuts
     D:5: 1319 daAuts
     D:3: 1227 daAuts
     D:2: 848 daAuts
     D:6: 287 daAuts
